 Dungeon Crawl Stone Soup version 0.20-a0-1074-g6a0a8e1 (webtiles) character file.

375 Fhqwhgads the Cudgeler (level 6, -10/37 HPs)
             Began as a Gargoyle Fighter on Apr 29, 2017.
             Was an Initiate of Ru.
             Mangled by an ogre
             ... wielding a +0 giant club
              (17 damage)
             ... on level 4 of the Dungeon.
             The game lasted 00:04:30 (2978 turns).

Fhqwhgads the Cudgeler (Gargoyle Fighter)           Turns: 2978, Time: 00:04:30

Health: -10/37     AC: 14    Str: 20    XL:     6   Next: 73%
Magic:  6/6        EV:  5    Int: 10    God:    Ru [......]
Gold:   311        SH:  9    Dex:  9    Spells: 5/5 levels left

rFire    . . .     SeeInvis .   a - +0 flail
rCold    . . .     Gourm    .   c - +0 shield
rNeg     + . .     Faith    .   l - +0 chain mail
rPois    ∞         Spirit   .   (no helmet)
rElec    +         Reflect  .   (no cloak)
rCorr    .         Harm     .   (no gloves)
MR       .....                  t - +0 pair of boots
Stlth    ..........             (no amulet)
Regen    0.2/turn               (no ring)
MPRegen  0.1/turn               (no ring)

@: no status effects
A: negative energy resistance 1, electricity resistance, unbreathing,
petrification resistance, rot immunity, AC +4
a: Renounce Religion


You were on level 4 of the Dungeon.
You worshipped Ru.
Ru was noncommittal.
You were not hungry.

You visited 1 branch of the dungeon, and saw 4 of its levels.

You collected 311 gold pieces.

Inventory:

Hand Weapons
 a - a +0 flail (weapon)
Armour
 c - a +0 shield (worn)
 l - a +0 chain mail (worn)
 t - a +0 pair of boots (worn)
Wands
 y - a wand of acid (8/15)
Scrolls
 b - 2 scrolls of remove curse {unknown}
 e - 3 scrolls of teleportation {unknown}
 g - a scroll of magic mapping {unknown}
 i - a scroll of random uselessness {unknown}
 k - a scroll of blinking {unknown}
 q - a scroll of amnesia {unknown}
 r - 2 scrolls of immolation {unknown}
 s - 2 scrolls of identify {unknown}
 u - a scroll of enchant armour {unknown}
Potions
 d - 2 potions of might
 h - a potion of berserk rage {unknown}
 j - 3 potions of haste {unknown}
 m - a potion of heal wounds {unknown}
 n - a potion of flight {unknown}
 o - a potion of brilliance {unknown}
 x - a potion of curing {unknown}
Comestibles
 f - 4 bread rations
 p - 4 meat rations
 v - 4 fruits
 w - 2 royal jellies


   Skills:
 - Level 3.2 Fighting
 * Level 5.8 Maces & Flails
 - Level 3.2 Armour
 + Level 5.3 Shields


You had 5 spell levels left.
You didn't know any spells.

Dungeon Overview and Level Annotations

Branches:
Dungeon (4/15)             Temple (0/1) D:4

Altars:
Dithmenos
Nemelex Xobeh
Okawaru
Ru
Trog
Zin


Innate Abilities, Weirdness & Mutations

You are resistant to torment.
Your stone body is resilient. (AC +4)
You are immune to poison.
You resist negative energy. (rN+)
You are resistant to electric shocks. (rElec)
You can survive without breathing.
You are immune to petrification.
You are immune to rotting.


Message History

You are too injured to fight recklessly!
You are too injured to fight recklessly!
You are too injured to fight recklessly!
You are too injured to fight recklessly!
You hit the ogre.
The ogre is heavily wounded.
The ogre hits you with a giant club.
* * * LOW HITPOINT WARNING * * *
You barely miss the ogre.
The ogre is heavily wounded.
The ogre hits you but does no damage.
You hit the ogre.
The ogre is heavily wounded.
You barely miss the ogre.
The ogre is heavily wounded.
You block the ogre's attack.
You closely miss the ogre.
The ogre is heavily wounded.
The ogre hits you with a giant club!
You die...

........#............# #.#
.......##.†..#...#...# #.#
...###.##....#.⌠.#...# #.#
.......##..###...###.# #.#
.......#....(........## #.#
.......#....⌠..>..⌠...#########.#
..#.............................#
..#.....#..###..O###...##########
..#.....#....#.⌠@#...#.##.......#
..#####.#....#...#...#.##.#####.#
..##.................#.##.# #.#
####.................#.##.# #.#
...............###.⌠.⌠.##.# #.#
...............# #.._..##.# #.#
......###......# ##⌠.⌠)##.# #.#
......# #>.....# ##.#.##.# #.#
......# ##.....# #.#.##.# #.#


You could see an ogre.

Vanquished Creatures
  Duvessa (D:4)
  Dowan (D:4)
  A hound (D:4)
  2 worker ants (D:4)
  A howler monkey skeleton (D:4)
  4 adders
  An ooze (D:3)
  2 worms
  5 leopard geckos
  2 orcs (D:3)
  7 bats
  8 giant cockroaches
  6 goblins
  5 hobgoblins
  8 jackals
  6 kobolds
  2 quokkas
  3 ball pythons
  3 frilled lizards (D:1)
  7 rats
75 creatures vanquished.

Notes
Turn   | Place    | Note
-------+----------+-------------------------------------------
     0 | D:1      | Fhqwhgads the Gargoyle Fighter began the quest for the Orb.
     0 | D:1      | Reached XP level 1. HP: 14/14 MP: 1/1
   123 | D:1      | Reached XP level 2. HP: 17/19 MP: 2/2
   405 | D:1      | Reached XP level 3. HP: 23/23 MP: 3/3
   938 | D:2      | Found an iron altar of Okawaru.
  1231 | D:2      | Reached XP level 4. HP: 27/28 MP: 4/4
  1278 | D:2      | Found a shadowy altar of Dithmenos.
  1512 | D:3      | Found a bloodstained altar of Trog.
  1595 | D:3      | Found a glowing silver altar of Zin.
  1939 | D:4      | Noticed Dowan
  1941 | D:4      | Noticed Duvessa
  1956 | D:4      | Killed Duvessa
  1956 | D:4      | Reached XP level 5. HP: 10/32 MP: 5/5
  1959 | D:4      | HP: 1/32 [Dowan/stone arrow (9)]
  2126 | D:3      | Reached skill level 5 in Maces & Flails
  2304 | D:4      | Killed Dowan
  2304 | D:4      | Reached skill level 5 in Shields
  2304 | D:4      | Reached XP level 6. HP: 23/37 MP: 6/6
  2684 | D:4      | Found a sacrificial altar of Ru.
  2721 | D:4      | Became a worshipper of Ru the Awakened
  2745 | D:4      | Found a staircase to the Ecumenical Temple.
  2754 | D:4      | Found a sparkling altar of Nemelex Xobeh.
  2978 | D:4      | Mangled by an ogre

Vault maps used:
D:1:      erik_arrival_triangle_medium, serial_park_tiny_pond
D:2:      nicolae_dithmenos_through_a_glass_darkly, okawaru_metal_pillars_1_2
D:3:      old_standard_altar, overflow_temple_1_default, first_bread
D:4:      nicolae_ru_awakened_eye, nemelex_xobeh_ov_fountains_minmay,
          minmay_temple_entry_junction_2, uniq_duvessa

Skill      XL: |  1  2  3  4  5 |
---------------+----------------+-----
Maces & Flails | 3 4 5 |  5.8
Shields        | 4 5 |  5.3
Fighting       | |  3.2
Armour         | |  3.2

Action                   |  1- 3 |  4- 6 || total
-------------------------+-------+-------++-------
Melee: Flail             |   138 |   207 ||   345
  Eat: Chunk             |       |     7 ||     7
Armor: Scale mail        |    52 |       ||    52
       Chain mail        |    66 |   172 ||   238
Dodge: Dodged            |    44 |    58 ||   102
Block: Shield            |    88 |   122 ||   210
